 Dungeon Crawl Stone Soup version 0.25-a0-100-g33052ceff8 (webtiles) character file.

Game seed: 11232969598722722601, levelgen mode: deterministic

7 DavidChitty2 the Magician (level 1, 0/10 HPs)
             Began as a Deep Elf Wizard on Nov 14, 2019.
             Slain by a jackal (2 damage)
             ... on level 1 of the Dungeon.
             The game lasted 00:01:15 (120 turns).

DavidChitty2 the Magician (Deep Elf Wizard)          Turns: 120, Time: 00:01:15

Health: 0/10       AC:  2    Str:  4    XL:     1   Next: 91%
Magic:  1/8        EV: 13    Int: 22    God:
Gold:   0          SH:  0    Dex: 13    Spells: 8/9 levels left

rFire    . . .     SeeInvis .   a - +0 spear
rCold    . . .     Gourm    .   (no shield)
rNeg     . . .     Faith    .   c - +0 robe
rPois    .         Spirit   .   b - +0 hat
rElec    .         Reflect  .   (no cloak)
rCorr    .         Harm     .   (no gloves)
MR       .....                  (no boots)
Stlth    ++........             (no amulet)
HPRegen  0.03/turn              (no ring)
MPRegen  0.11/turn              (no ring)

@: no status effects
A: no striking features
a: no special abilities


You were on level 1 of the Dungeon.
You were not hungry.

You visited 1 branch of the dungeon, and saw 1 of its levels.

Inventory:

Hand Weapons
 a - a +0 spear (weapon)
   (You found it on level 1 of the Dungeon)
Armour
 b - a +0 hat (worn)
 c - a +0 robe (worn)
Scrolls
 f - 2 scrolls of identify {unknown}
Comestibles
 d - a chunk of flesh
 e - a ration {!d}


   Skills:
 + Level 2.6 Dodging
 - Level 2.4 Stealth
 + Level 4.5 Spellcasting
 * Level 1.7 Conjurations
   Level 1.1 Summonings
   Level 1.1 Translocations


You had 8 spell levels left.
You knew the following spells:

 Your Spells              Type           Power        Failure   Level  Hunger
a - Magic Dart            Conj           ##..         5%          1    None

Your spell library contained the following spells:

 Spells                   Type           Power        Failure   Level  Hunger
 Blink                    Tloc           N/A          10%         2    None
 Call Imp                 Summ           #.......     10%         2    None
 Slow                     Hex            #.......     16%         2    None
 Conjure Flame            Conj/Fire      #.......     22%         3    ##.....
 Mephitic Cloud           Conj/Pois/Air  #.......     26%         3    ##.....


Dungeon Overview and Level Annotations

Branches:
Dungeon (1/15)

Altars:


Message History

f - 2 scrolls labeled FIOPES NIJIST
Found a shiny helmet. 2 jackals and an ooze come into view.
Found a scroll labeled FIOPES NIJIST.
Found a stone staircase leading down.
Aim: an ooze (resting)
The magic dart hits the ooze.
The jackal barks!
You hear a bark!
A jackal comes into view.
Aim: an ooze (lightly wounded)
The magic dart hits the ooze.
The jackal barks!
You hear a shout!
Aim: an ooze (moderately wounded)
The magic dart hits the ooze.
Aim: a jackal The magic dart hits the jackal.
The jackal bites you but does no damage.
Aim: a jackal (almost dead)
The magic dart hits the jackal.
You kill the jackal!
Aim: an ooze (heavily wounded)
The magic dart hits the ooze.
The ooze hits you but does no damage.
Aim: an ooze (severely wounded)
The magic dart hits the ooze.
You kill the ooze!
The jackal bites you.
A kobold comes into view. It is wielding a +0 short sword.
The jackal bites you.
* * * LOW HITPOINT WARNING * * *
The jackal closely misses you. The jackal bites you.
* * * LOW HITPOINT WARNING * * *
The jackal barely misses you.
Aim: a jackal The magic dart hits the jackal.
The jackal closely misses you.
Aim: a jackal (lightly wounded)
The magic dart hits the jackal.
The jackal bites you but does no damage.
The jackal bites you.
* * * LOW HITPOINT WARNING * * *
The jackal barely misses you.
The jackal bites you but does no damage.
A kobold opens the door.
The jackal bites you but does no damage.
The jackal bites you.
* * * LOW HITPOINT WARNING * * *
Aim: a jackal (heavily wounded)
The magic dart hits the jackal.
The jackal misses you. The kobold barely misses you. The jackal bites you.
You die...

###################
#...#.............# .
##.................# .
#......รท...........###### .
#.............K.........
.###............h##......#
................h##......#
................@'......[#
.......#.#.......#.##.####
#'####.................#
.....#.#.#....#######..#
.8.8.#.#...............####
.....#.#....................
.<.8.+ #....................
.....#.#.............K......#
.8.8.#.......#####..........#


You could see 2 jackals and a kobold.

Vanquished Creatures
  An ooze (D:1)
  A jackal (D:1)
  A frilled lizard (D:1)
  A rat (D:1)
4 creatures vanquished.

Notes
Turn   | Place    | Note
-------+----------+-------------------------------------------
     0 | D:1      | DavidChitty2 the Deep Elf Wizard began the quest for the
                  | Orb.
     0 | D:1      | Reached XP level 1. HP: 10/10 MP: 7/7
   120 | D:1      | Slain by a jackal

Levels and vault maps discovered:
D:1:      doesnt_arrival_eight_statues, layout_basic, minmay_statues_item

Action                   || total
-------------------------++-------
 Cast: Magic Dart        ||    14
Armor: Robe              ||     5
Dodge: Dodged            ||     6

Table legend:
 A = Non-vault XP
 B = Vault XP
 C = Vault XP percentage of total XP
 D = Non-vault monster count
 E = Vault monster count
 F = Vault count percentage of total count
                 A         B        C        D         E       F
            +---------+---------+-------+---------+---------+-------
      Total |      11 |       0 |   0.0 |       4 |       0 |   0.0
            +---------+---------+-------+---------+---------+-------
        D:1 |      11 |       0 |   0.0 |       4 |       0 |   0.0
            +---------+---------+-------+---------+---------+-------
